 Dungeon Crawl Stone Soup version 0.28-a0-1292-gb4563b27b3 (webtiles) character file.

Game seed: 17751096644010100399

207 Astera the Skirmisher (level 5, -28/44 HPs)
             Began as a Palentonga Fighter on Dec 27, 2021.
             Was an Initiate of Uskayaw.
             Killed by an exploding scorpion (30 damage)
             ... ignited by their inner flame
             ... on level 4 of the Dungeon.
             The game lasted 00:06:17 (3561 turns).

Astera the Skirmisher (Palentonga Fighter)          Turns: 3561, Time: 00:06:18

Health: -28/44     AC:  6    Str: 21    XL:     5   Next: 54%
Magic:  2/5        EV:  7    Int:  8    God:    Uskayaw [......]
Gold:   141        SH:  4    Dex: 10    Spells: 4/4 levels left

rFire   . . .      SeeInvis +   a - +0 flail
rCold   . . .      Faith    .   c - +0 buckler
rNeg    . . .      Spirit   .   b - +0 scale mail
rPois   .          Reflect  .   (no helmet)
rElec   .          Harm     .   (no cloak)
rCorr   .          Rampage  .   (no gloves)
Will    .....                   (no barding)
Stlth   ..........              (no amulet)
HPRegen 0.14/turn               (no ring)
MPRegen 0.09/turn               (no ring)

@: lethally poisoned (-28 -> -30)
A: large, rugged brown scales 3, see invisible, deformed body, roll 1, armoured
tail
a: Rolling Charge, Renounce Religion


You were on level 4 of the Dungeon.
You worshipped Uskayaw.
Uskayaw was noncommittal.
You visited 1 branch of the dungeon, and saw 4 of its levels.

You collected 141 gold pieces.

Inventory:

Hand Weapons
 a - a +0 flail (weapon)
Armour
 b - a +0 scale mail (worn)
 c - a +0 buckler (worn)
Scrolls
 f - a scroll of magic mapping {unknown}
 h - 2 scrolls of immolation
 j - a scroll of amnesia {unknown}
Potions
 d - a potion of might
 e - a potion of degeneration {unknown}
 g - 5 potions of brilliance {unknown}
 i - a potion of heal wounds {unknown}
 k - a potion of magic {unknown}
 l - 2 potions of flight {unknown}
 m - a potion of attraction {unknown}
 n - 3 potions of lignification {unknown}


   Skills:
 + Level 4.0 Fighting
 + Level 3.2 Maces & Flails
 + Level 3.3 Armour
 + Level 3.3 Shields


You had 4 spell levels left.
You didn't know any spells.
Your spell library contained the following spells:

 Spells                   Type           Power      Damage    Failure   Level
 Ensorcelled Hibernation  Hex/Ice        0%         N/A       87%         2
 Call Canine Familiar     Summ           0%         N/A       98%         3
 Portal Projectile        Hex/Tloc       0%         N/A       98%         3
 Spider Form              Tmut/Pois      0%         N/A       98%         3
 Leda's Liquefaction      Hex/Erth       0%         N/A       100%        4


Dungeon Overview and Level Annotations

Branches:
Dungeon (4/15)             Temple (0/1) D:4

Altars:
Uskayaw

Shops:
D:1 !   D:2 ?


Innate Abilities, Weirdness & Mutations

You are completely covered in rugged brown scales. (AC +3, +7% HP)
You have supernaturally acute eyesight. (SInv)
Armour fits poorly on your strangely shaped body.
You can roll at nearby foes to attack.
You have a long armoured tail.


Message History

The goblin hits you but does no damage.
You barely miss the scorpion.
The scorpion is heavily wounded.
* * * LOW HITPOINT WARNING * * *
You feel sick. The ball python barely misses you.
You block the scorpion's attack. You block the orc warrior's attack.
You block the ball python's attack. You block the goblin's attack.
The scorpion stings you but does no damage.
As you read the scroll labelled PUMIRE WOEFEJA, it crumbles to dust.
The creatures around you are filled with an inner flame!
It was a scroll of immolation.
* * * LOW HITPOINT WARNING * * *
You feel sick.
The hound skeleton bites you but does no damage.
You block the orc warrior's attack. The ball python barely misses you.
The scorpion barely misses you.
The hound skeleton bites you but does no damage.
The goblin closely misses you. The hobgoblin barely misses you.
* * * LOW HITPOINT WARNING * * *
You feel sick.
* * * LOW HITPOINT WARNING * * *
You feel sick. The scorpion barely misses you. The hobgoblin hits you.
* * * LOW HITPOINT WARNING * * *
You stomp with the beat, sending a shockwave through the revellers around you!
Flame seeps out of the hound skeleton.
The hound skeleton is moderately damaged.
Flame seeps out of the hobgoblin.
The hobgoblin is severely wounded.
Flame seeps out of the scorpion.
The scorpion is severely wounded.
You can no longer stomp with the beat.
* * * LOW HITPOINT WARNING * * *
You feel sick.
The hound skeleton is engulfed in blazing flames.
Flame seeps out of the hound skeleton.
The hound skeleton barely misses you.
The scorpion is engulfed in blazing flames.
The scorpion explodes!
The fiery explosion engulfs you!!
Ouch! That really hurt!
You die...

###.####.### ####..# #)⌠(
###.####...# #.....##.#?#
.......#...# #.....#.#.#
.......'...# #......#.#
.......#...# #.......####
.......#...# #...........
###.####..## #.§og.....#
###'###########.g○S.....#
.+........#.....@ZSK....#
.#........#....##+##....#
###########....# ....#
...............# ...#
...............# ...#
...........##### ..#
...........# ..#
...........+ ...........#


You could see an orc warrior (inner flame), a hobgoblin (inner flame), a goblin
(inner flame), 2 ball pythons, a kobold (inner flame) and a hound skeleton
(inner flame).

Vanquished Creatures
  2 scorpions
  A jelly (D:4)
  2 adders
  3 worms
  4 dart slugs
  10 orcs
  3 endoplasms
  3 giant cockroaches
  8 goblins
  6 hobgoblins
  3 jackals (D:2)
  6 kobolds
  2 quokkas
  7 ball pythons
  8 bats
  3 frilled lizards
  7 rats
78 creatures vanquished.

Notes
Turn   | Place    | Note
-------+----------+-------------------------------------------
     0 | D:1      | Astera the Palentonga Fighter began the quest for the Orb.
     0 | D:1      | Reached XP level 1. HP: 19/19 MP: 1/1
    75 | D:1      | Found Fuimm's Distillery.
    79 | D:1      | Reached XP level 2. HP: 18/25 MP: 2/2
  1052 | D:2      | Reached XP level 3. HP: 27/31 MP: 3/3
  1672 | D:2      | Found a faded altar of an unknown god.
  1708 | D:2      | Prayed at the altar of an unknown god.
  1708 | D:2      | Became a worshipper of Uskayaw the Reveller
  1708 | D:2      | Reached * piety under Uskayaw
  1789 | D:2      | Reached ** piety under Uskayaw
  1981 | D:2      | Found Xytyrox's Magic Scroll Boutique.
  2225 | D:2      | Reached XP level 4. HP: 37/37 MP: 4/4
  2279 | D:3      | Reached *** piety under Uskayaw
  2952 | D:4      | Noticed a scorpion
  2965 | D:3      | Killed a scorpion
  2966 | D:3      | Reached XP level 5. HP: 16/44 MP: 5/5
  3379 | D:4      | Found a staircase to the Ecumenical Temple.
  3463 | D:4      | Reached skill level 4 in Fighting
  3552 | D:4      | Noticed an orc warrior
  3561 | D:4      | HP: 2/44 [poisoned by a scorpion]
  3561 | D:4      | Killed by an exploding scorpion... ignited by their inner
                  | flame

Illustrated notes

Levels and vault maps discovered:
D:1:      elethiomel_arrival_quiet, layout_rooms, serial_shops, shop,
          skrybe_limestone_x, minmay_misc_feat_x
D:2:      layout_rooms, dreamdust_ecumenical_altar_angels_and_demons,
          serial_shops, nicolae_shop_advertising_works
          [nicolae_subvault_shop_adworks], chequers_serial_rivers_large_b,
          roderic_lattice_a
D:3:      layout_rooms, kennysheep_generic_room_6
D:4:      layout_gridville, temple_fountains, minmay_circle_x

Skill      XL: |  1  2  3  4  5 |
---------------+----------------+-----
Armour         | 3 |  3.3
Shields        | 3 |  3.3
Maces & Flails | 3 |  3.2
Fighting       | 4 |  4.0

Action                   |  1- 3 |  4- 6 || total
-------------------------+-------+-------++-------
Melee: Flail             |   154 |    83 ||   237
       Tailslap          |    16 |     4 ||    20
Invok: Stomp             |       |     1 ||     1
 Abil: Rolling Charge    |    16 |    12 ||    28
  Use: Scroll            |       |     1 ||     1
 Stab: Paralysed         |       |     1 ||     1
Armor: Scale mail        |    75 |    38 ||   113
Dodge: Dodged            |    76 |    35 ||   111
Block: Buckler           |    32 |    21 ||    53

Table legend: (Time is in decaauts)
 A = Elapsed time spent in this place.
 B = Non-inter-level travel time spent in this place.
 C = Inter-level travel time spent in this place.
 D = Time resting spent in this place.
 E = Time spent auto-exploring this place.
 F = Levels seen in this place.
 G = Mean time per level.
                   A        B        C        D        E       F      G
               +--------+--------+--------+--------+--------+-----+--------+
         Total |   3651 |   3593 |     58 |    510 |   2448 |   4 |  912.8 |
       Dungeon |   3651 |   3593 |     58 |    510 |   2448 |   4 |  912.8 |
               +--------+--------+--------+--------+--------+-----+--------+

Top non-repeatable levels by time:
     D:2: 1317 daAuts
     D:1: 1021 daAuts
     D:3: 942 daAuts
     D:4: 370 daAuts
